[gd_scene load_steps=68 format=3 uid="uid://csawvawt1gf7t"]

[ext_resource type="Texture2D" uid="uid://sg4dpkfe44tx" path="res://sprites/props/animated/clock/clock_spritesheet.png" id="1_itilu"]

[sub_resource type="AtlasTexture" id="AtlasTexture_7tffa"]
atlas = ExtResource("1_itilu")
region = Rect2(0, 0, 32, 32)

[sub_resource type="AtlasTexture" id="AtlasTexture_uyond"]
atlas = ExtResource("1_itilu")
region = Rect2(32, 0, 32, 32)

[sub_resource type="AtlasTexture" id="AtlasTexture_v8t33"]
atlas = ExtResource("1_itilu")
region = Rect2(64, 0, 32, 32)

[sub_resource type="AtlasTexture" id="AtlasTexture_enij8"]
atlas = ExtResource("1_itilu")
region = Rect2(96, 0, 32, 32)

[sub_resource type="AtlasTexture" id="AtlasTexture_fg87f"]
atlas = ExtResource("1_itilu")
region = Rect2(128, 0, 32, 32)

[sub_resource type="AtlasTexture" id="AtlasTexture_wm4hd"]
atlas = ExtResource("1_itilu")
region = Rect2(160, 0, 32, 32)

[sub_resource type="AtlasTexture" id="AtlasTexture_plnby"]
atlas = ExtResource("1_itilu")
region = Rect2(192, 0, 32, 32)

[sub_resource type="AtlasTexture" id="AtlasTexture_ovmrh"]
atlas = ExtResource("1_itilu")
region = Rect2(224, 0, 32, 32)

[sub_resource type="AtlasTexture" id="AtlasTexture_5rtx4"]
atlas = ExtResource("1_itilu")
region = Rect2(0, 32, 32, 32)

[sub_resource type="AtlasTexture" id="AtlasTexture_ykr0b"]
atlas = ExtResource("1_itilu")
region = Rect2(32, 32, 32, 32)

[sub_resource type="AtlasTexture" id="AtlasTexture_1ro3y"]
atlas = ExtResource("1_itilu")
region = Rect2(64, 32, 32, 32)

[sub_resource type="AtlasTexture" id="AtlasTexture_7e8wv"]
atlas = ExtResource("1_itilu")
region = Rect2(96, 32, 32, 32)

[sub_resource type="AtlasTexture" id="AtlasTexture_tcejk"]
atlas = ExtResource("1_itilu")
region = Rect2(128, 32, 32, 32)

[sub_resource type="AtlasTexture" id="AtlasTexture_a60ep"]
atlas = ExtResource("1_itilu")
region = Rect2(160, 32, 32, 32)

[sub_resource type="AtlasTexture" id="AtlasTexture_4wa0u"]
atlas = ExtResource("1_itilu")
region = Rect2(192, 32, 32, 32)

[sub_resource type="AtlasTexture" id="AtlasTexture_kr7dt"]
atlas = ExtResource("1_itilu")
region = Rect2(224, 32, 32, 32)

[sub_resource type="AtlasTexture" id="AtlasTexture_3ianj"]
atlas = ExtResource("1_itilu")
region = Rect2(0, 64, 32, 32)

[sub_resource type="AtlasTexture" id="AtlasTexture_kovrp"]
atlas = ExtResource("1_itilu")
region = Rect2(32, 64, 32, 32)

[sub_resource type="AtlasTexture" id="AtlasTexture_vgvw8"]
atlas = ExtResource("1_itilu")
region = Rect2(64, 64, 32, 32)

[sub_resource type="AtlasTexture" id="AtlasTexture_au5se"]
atlas = ExtResource("1_itilu")
region = Rect2(96, 64, 32, 32)

[sub_resource type="AtlasTexture" id="AtlasTexture_8nnvi"]
atlas = ExtResource("1_itilu")
region = Rect2(128, 64, 32, 32)

[sub_resource type="AtlasTexture" id="AtlasTexture_umds0"]
atlas = ExtResource("1_itilu")
region = Rect2(160, 64, 32, 32)

[sub_resource type="AtlasTexture" id="AtlasTexture_8hxhe"]
atlas = ExtResource("1_itilu")
region = Rect2(192, 64, 32, 32)

[sub_resource type="AtlasTexture" id="AtlasTexture_lo3pt"]
atlas = ExtResource("1_itilu")
region = Rect2(224, 64, 32, 32)

[sub_resource type="AtlasTexture" id="AtlasTexture_23yt4"]
atlas = ExtResource("1_itilu")
region = Rect2(0, 96, 32, 32)

[sub_resource type="AtlasTexture" id="AtlasTexture_5rfsm"]
atlas = ExtResource("1_itilu")
region = Rect2(32, 96, 32, 32)

[sub_resource type="AtlasTexture" id="AtlasTexture_fq2mw"]
atlas = ExtResource("1_itilu")
region = Rect2(64, 96, 32, 32)

[sub_resource type="AtlasTexture" id="AtlasTexture_tpdfe"]
atlas = ExtResource("1_itilu")
region = Rect2(96, 96, 32, 32)

[sub_resource type="AtlasTexture" id="AtlasTexture_8nxj4"]
atlas = ExtResource("1_itilu")
region = Rect2(128, 96, 32, 32)

[sub_resource type="AtlasTexture" id="AtlasTexture_v8r0h"]
atlas = ExtResource("1_itilu")
region = Rect2(160, 96, 32, 32)

[sub_resource type="AtlasTexture" id="AtlasTexture_d5k6n"]
atlas = ExtResource("1_itilu")
region = Rect2(192, 96, 32, 32)

[sub_resource type="AtlasTexture" id="AtlasTexture_6uwc3"]
atlas = ExtResource("1_itilu")
region = Rect2(224, 96, 32, 32)

[sub_resource type="AtlasTexture" id="AtlasTexture_uarlr"]
atlas = ExtResource("1_itilu")
region = Rect2(0, 128, 32, 32)

[sub_resource type="AtlasTexture" id="AtlasTexture_rvj5s"]
atlas = ExtResource("1_itilu")
region = Rect2(32, 128, 32, 32)

[sub_resource type="AtlasTexture" id="AtlasTexture_6f2n0"]
atlas = ExtResource("1_itilu")
region = Rect2(64, 128, 32, 32)

[sub_resource type="AtlasTexture" id="AtlasTexture_ir7j3"]
atlas = ExtResource("1_itilu")
region = Rect2(96, 128, 32, 32)

[sub_resource type="AtlasTexture" id="AtlasTexture_b480a"]
atlas = ExtResource("1_itilu")
region = Rect2(128, 128, 32, 32)

[sub_resource type="AtlasTexture" id="AtlasTexture_ncclc"]
atlas = ExtResource("1_itilu")
region = Rect2(160, 128, 32, 32)

[sub_resource type="AtlasTexture" id="AtlasTexture_pnytj"]
atlas = ExtResource("1_itilu")
region = Rect2(192, 128, 32, 32)

[sub_resource type="AtlasTexture" id="AtlasTexture_xc0yn"]
atlas = ExtResource("1_itilu")
region = Rect2(224, 128, 32, 32)

[sub_resource type="AtlasTexture" id="AtlasTexture_ktogd"]
atlas = ExtResource("1_itilu")
region = Rect2(0, 160, 32, 32)

[sub_resource type="AtlasTexture" id="AtlasTexture_ahn48"]
atlas = ExtResource("1_itilu")
region = Rect2(32, 160, 32, 32)

[sub_resource type="AtlasTexture" id="AtlasTexture_jpcf1"]
atlas = ExtResource("1_itilu")
region = Rect2(64, 160, 32, 32)

[sub_resource type="AtlasTexture" id="AtlasTexture_frvju"]
atlas = ExtResource("1_itilu")
region = Rect2(96, 160, 32, 32)

[sub_resource type="AtlasTexture" id="AtlasTexture_tue3l"]
atlas = ExtResource("1_itilu")
region = Rect2(128, 160, 32, 32)

[sub_resource type="AtlasTexture" id="AtlasTexture_30a2x"]
atlas = ExtResource("1_itilu")
region = Rect2(160, 160, 32, 32)

[sub_resource type="AtlasTexture" id="AtlasTexture_nmhwv"]
atlas = ExtResource("1_itilu")
region = Rect2(192, 160, 32, 32)

[sub_resource type="AtlasTexture" id="AtlasTexture_x2rnh"]
atlas = ExtResource("1_itilu")
region = Rect2(224, 160, 32, 32)

[sub_resource type="AtlasTexture" id="AtlasTexture_2phap"]
atlas = ExtResource("1_itilu")
region = Rect2(0, 192, 32, 32)

[sub_resource type="AtlasTexture" id="AtlasTexture_c1ydf"]
atlas = ExtResource("1_itilu")
region = Rect2(32, 192, 32, 32)

[sub_resource type="AtlasTexture" id="AtlasTexture_0o4ie"]
atlas = ExtResource("1_itilu")
region = Rect2(64, 192, 32, 32)

[sub_resource type="AtlasTexture" id="AtlasTexture_u5cwg"]
atlas = ExtResource("1_itilu")
region = Rect2(96, 192, 32, 32)

[sub_resource type="AtlasTexture" id="AtlasTexture_qrpw4"]
atlas = ExtResource("1_itilu")
region = Rect2(128, 192, 32, 32)

[sub_resource type="AtlasTexture" id="AtlasTexture_v2upb"]
atlas = ExtResource("1_itilu")
region = Rect2(160, 192, 32, 32)

[sub_resource type="AtlasTexture" id="AtlasTexture_4fo72"]
atlas = ExtResource("1_itilu")
region = Rect2(192, 192, 32, 32)

[sub_resource type="AtlasTexture" id="AtlasTexture_iuk8b"]
atlas = ExtResource("1_itilu")
region = Rect2(224, 192, 32, 32)

[sub_resource type="AtlasTexture" id="AtlasTexture_hd21v"]
atlas = ExtResource("1_itilu")
region = Rect2(0, 224, 32, 32)

[sub_resource type="AtlasTexture" id="AtlasTexture_r6dl2"]
atlas = ExtResource("1_itilu")
region = Rect2(32, 224, 32, 32)

[sub_resource type="AtlasTexture" id="AtlasTexture_rnobk"]
atlas = ExtResource("1_itilu")
region = Rect2(64, 224, 32, 32)

[sub_resource type="AtlasTexture" id="AtlasTexture_tq5i5"]
atlas = ExtResource("1_itilu")
region = Rect2(96, 224, 32, 32)

[sub_resource type="AtlasTexture" id="AtlasTexture_841a0"]
atlas = ExtResource("1_itilu")
region = Rect2(128, 224, 32, 32)

[sub_resource type="AtlasTexture" id="AtlasTexture_0kb0u"]
atlas = ExtResource("1_itilu")
region = Rect2(160, 224, 32, 32)

[sub_resource type="AtlasTexture" id="AtlasTexture_5hqce"]
atlas = ExtResource("1_itilu")
region = Rect2(192, 224, 32, 32)

[sub_resource type="AtlasTexture" id="AtlasTexture_sms74"]
atlas = ExtResource("1_itilu")
region = Rect2(224, 224, 32, 32)

[sub_resource type="SpriteFrames" id="SpriteFrames_d4i1j"]
animations = [{
"frames": [{
"duration": 1.0,
"texture": SubResource("AtlasTexture_7tffa")
}, {
"duration": 1.0,
"texture": SubResource("AtlasTexture_uyond")
}, {
"duration": 1.0,
"texture": SubResource("AtlasTexture_v8t33")
}, {
"duration": 1.0,
"texture": SubResource("AtlasTexture_enij8")
}, {
"duration": 1.0,
"texture": SubResource("AtlasTexture_fg87f")
}, {
"duration": 1.0,
"texture": SubResource("AtlasTexture_wm4hd")
}, {
"duration": 1.0,
"texture": SubResource("AtlasTexture_plnby")
}, {
"duration": 1.0,
"texture": SubResource("AtlasTexture_ovmrh")
}, {
"duration": 1.0,
"texture": SubResource("AtlasTexture_5rtx4")
}, {
"duration": 1.0,
"texture": SubResource("AtlasTexture_ykr0b")
}, {
"duration": 1.0,
"texture": SubResource("AtlasTexture_1ro3y")
}, {
"duration": 1.0,
"texture": SubResource("AtlasTexture_7e8wv")
}, {
"duration": 1.0,
"texture": SubResource("AtlasTexture_tcejk")
}, {
"duration": 1.0,
"texture": SubResource("AtlasTexture_a60ep")
}, {
"duration": 1.0,
"texture": SubResource("AtlasTexture_4wa0u")
}, {
"duration": 1.0,
"texture": SubResource("AtlasTexture_kr7dt")
}, {
"duration": 1.0,
"texture": SubResource("AtlasTexture_3ianj")
}, {
"duration": 1.0,
"texture": SubResource("AtlasTexture_kovrp")
}, {
"duration": 1.0,
"texture": SubResource("AtlasTexture_vgvw8")
}, {
"duration": 1.0,
"texture": SubResource("AtlasTexture_au5se")
}, {
"duration": 1.0,
"texture": SubResource("AtlasTexture_8nnvi")
}, {
"duration": 1.0,
"texture": SubResource("AtlasTexture_umds0")
}, {
"duration": 1.0,
"texture": SubResource("AtlasTexture_8hxhe")
}, {
"duration": 1.0,
"texture": SubResource("AtlasTexture_lo3pt")
}, {
"duration": 1.0,
"texture": SubResource("AtlasTexture_23yt4")
}, {
"duration": 1.0,
"texture": SubResource("AtlasTexture_5rfsm")
}, {
"duration": 1.0,
"texture": SubResource("AtlasTexture_fq2mw")
}, {
"duration": 1.0,
"texture": SubResource("AtlasTexture_tpdfe")
}, {
"duration": 1.0,
"texture": SubResource("AtlasTexture_8nxj4")
}, {
"duration": 1.0,
"texture": SubResource("AtlasTexture_v8r0h")
}, {
"duration": 1.0,
"texture": SubResource("AtlasTexture_d5k6n")
}, {
"duration": 1.0,
"texture": SubResource("AtlasTexture_6uwc3")
}, {
"duration": 1.0,
"texture": SubResource("AtlasTexture_uarlr")
}, {
"duration": 1.0,
"texture": SubResource("AtlasTexture_rvj5s")
}, {
"duration": 1.0,
"texture": SubResource("AtlasTexture_6f2n0")
}, {
"duration": 1.0,
"texture": SubResource("AtlasTexture_ir7j3")
}, {
"duration": 1.0,
"texture": SubResource("AtlasTexture_b480a")
}, {
"duration": 1.0,
"texture": SubResource("AtlasTexture_ncclc")
}, {
"duration": 1.0,
"texture": SubResource("AtlasTexture_pnytj")
}, {
"duration": 1.0,
"texture": SubResource("AtlasTexture_xc0yn")
}, {
"duration": 1.0,
"texture": SubResource("AtlasTexture_ktogd")
}, {
"duration": 1.0,
"texture": SubResource("AtlasTexture_ahn48")
}, {
"duration": 1.0,
"texture": SubResource("AtlasTexture_jpcf1")
}, {
"duration": 1.0,
"texture": SubResource("AtlasTexture_frvju")
}, {
"duration": 1.0,
"texture": SubResource("AtlasTexture_tue3l")
}, {
"duration": 1.0,
"texture": SubResource("AtlasTexture_30a2x")
}, {
"duration": 1.0,
"texture": SubResource("AtlasTexture_nmhwv")
}, {
"duration": 1.0,
"texture": SubResource("AtlasTexture_x2rnh")
}, {
"duration": 1.0,
"texture": SubResource("AtlasTexture_2phap")
}, {
"duration": 1.0,
"texture": SubResource("AtlasTexture_c1ydf")
}, {
"duration": 1.0,
"texture": SubResource("AtlasTexture_0o4ie")
}, {
"duration": 1.0,
"texture": SubResource("AtlasTexture_u5cwg")
}, {
"duration": 1.0,
"texture": SubResource("AtlasTexture_qrpw4")
}, {
"duration": 1.0,
"texture": SubResource("AtlasTexture_v2upb")
}, {
"duration": 1.0,
"texture": SubResource("AtlasTexture_4fo72")
}, {
"duration": 1.0,
"texture": SubResource("AtlasTexture_iuk8b")
}, {
"duration": 1.0,
"texture": SubResource("AtlasTexture_hd21v")
}, {
"duration": 1.0,
"texture": SubResource("AtlasTexture_r6dl2")
}, {
"duration": 1.0,
"texture": SubResource("AtlasTexture_rnobk")
}, {
"duration": 1.0,
"texture": SubResource("AtlasTexture_tq5i5")
}, {
"duration": 1.0,
"texture": SubResource("AtlasTexture_841a0")
}, {
"duration": 1.0,
"texture": SubResource("AtlasTexture_0kb0u")
}, {
"duration": 1.0,
"texture": SubResource("AtlasTexture_5hqce")
}, {
"duration": 1.0,
"texture": SubResource("AtlasTexture_sms74")
}],
"loop": true,
"name": &"default",
"speed": 0.1
}]

[sub_resource type="CircleShape2D" id="CircleShape2D_ug1lc"]
radius = 12.0

[node name="StaticBody2D" type="StaticBody2D"]

[node name="AnimatedSprite2D" type="AnimatedSprite2D" parent="."]
sprite_frames = SubResource("SpriteFrames_d4i1j")
frame = 21
frame_progress = 0.162522

[node name="CollisionShape2D" type="CollisionShape2D" parent="."]
position = Vector2(-0.5, 1.5)
shape = SubResource("CircleShape2D_ug1lc")
